 Dungeon Crawl Stone Soup version 0.27-a0-1324-ge0d8e047f6 (webtiles) character file.

Game seed: 13293658084494310181

44 dinky3 the Sneak (level 3, -5/19 HPs)
             Began as a Kobold Earth Elementalist on June 24, 2021.
             Slain by Menkaure (16 damage)
             ... on level 4 of the Dungeon.
             The game lasted 00:04:15 (890 turns).

dinky3 the Sneak (Kobold Earth Elementalist)         Turns: 890, Time: 00:04:15

Health: -5/19      AC:  4    Str:  5    XL:     3   Next: 85%
Magic:  4/7        EV: 15    Int: 17    God:
Gold:   84         SH:  0    Dex: 15    Spells: 1/7 levels left

rFire    . . .     SeeInvis +   f - +0 dagger
rCold    . . .     Faith    .   (shield restricted)
rNeg     . . .     Spirit   .   b - +0 robe
rPois    .         Reflect  .   l - +0 helmet
rElec    .         Harm     .   (no cloak)
rCorr    .         Rampage  .   k - +0 pair of gloves
Will     .....                  (no boots)
Stlth    +++.......             (no amulet)
HPRegen  0.06/turn              q - ring of see invisible
MPRegen  0.10/turn              (no ring)

@: no status effects
A: small, no large weapons, nightstalker 3
a: no special abilities


You were on level 4 of the Dungeon.
You visited 1 branch of the dungeon, and saw 4 of its levels.

You collected 84 gold pieces.

Inventory:

Hand Weapons
 f - a +0 dagger (weapon)
Missiles
 c - 4 stones
Armour
 b - a +0 robe (worn)
 j - a +1 ring mail of positive energy
 k - a +0 pair of gloves (worn)
 l - a +0 helmet (worn)
Jewellery
 q - a ring of see invisible (left hand)
Scrolls
 a - a scroll of fear
 d - 2 scrolls of enchant weapon {unknown}
 i - a scroll of torment {unknown}
 m - a scroll of amnesia {unknown}
 n - a scroll of enchant armour {unknown}
 o - a scroll of identify {unknown}
 p - a scroll of fog {unknown}
Potions
 e - 2 potions of heal wounds {unknown}
 g - a potion of haste {unknown}
 h - 2 potions of curing {unknown}


   Skills:
 + Level 0.1 Short Blades
 - Level 2.4 Dodging
 + Level 3.7 Stealth
 + Level 2.9 Spellcasting
 + Level 0.0 Conjurations
 - Level 1.0 Transmutations
 + Level 3.5 Earth Magic


You had one spell level left.
You knew the following spells:

 Your Spells              Type           Power      Damage    Failure   Level
a - Sandblast             Erth           28%        2d8       4%          1
b - Passwall              Tmut/Erth      8%         N/A       11%         2
c - Stone Arrow           Conj/Erth      16%        3d8       26%         3

Your spell library contained the following spells:

 Spells                   Type           Power      Damage    Failure   Level
 Petrify                  Tmut/Erth      10%        N/A       56%         4
 Lee's Rapid Deconstruct  Erth           7%         3d7*      75%         5


Dungeon Overview and Level Annotations

Branches:
Dungeon (4/15)
 Temple: D:4-7

Altars:

Annotations:
D:4 Menkaure


Innate Abilities, Weirdness & Mutations

You are small and have problems with some larger weapons.
You are completely attuned to the shadows.


Message History

There is a stone staircase leading down here.
Okay, then.
You climb downwards.
Menkaure, Prince of Dust comes into view.
There is a stone staircase leading up here.
The helpless Menkaure fails to defend himself.
You puncture Menkaure!
Menkaure is moderately damaged.
Casting: Sandblast (safe; 4% risk of failure)
Confirm with . or Enter, or press ? or * to list all spells.
Aiming: Sandblast (safe; 4% risk of failure)
Press: ? - help, Shift-Dir - straight line, f - Menkaure
Aim: Menkaure (moderately damaged, 90% to hit)
The blast of sand hits Menkaure.
Menkaure is heavily damaged.
Menkaure gestures wildly while chanting.
Menkaure seems to speed up.
You hear an angry hiss.
Casting: Sandblast (safe; 4% risk of failure)
Confirm with . or Enter, or press ? or * to list all spells.
Aiming: Sandblast (safe; 4% risk of failure)
Press: ? - help, Shift-Dir - straight line, f/p - Menkaure
Aim: Menkaure (heavily damaged, fast, 90% to hit)
The blast of sand hits Menkaure.
Menkaure is severely damaged.
You hear an angry hiss.
Menkaure barely misses you.
You hear a shout!
Casting: Sandblast (safe; 4% risk of failure)
Confirm with . or Enter, or press ? or * to list all spells.
Aiming: Sandblast (safe; 4% risk of failure)
Press: ? - help, Shift-Dir - straight line, f/p - Menkaure
Aim: Menkaure (severely damaged, fast, 90% to hit)
The blast of sand hits Menkaure.
Menkaure is almost destroyed.
You hear a shout!
Menkaure calls on the powers of darkness!
Your body is wracked with pain!
Menkaure hits you!
Ouch! That really hurt!
You die... #..## ..... # #### #..# .. #... # #..####.########.## ###.s #.@..<..##.....#.## ...# ...M.#######.....#.## .#.# S#S

.#...# #.....#.##
...###...###......
#.....#.## ###...#
#...###.#.
#.....#... ###.#.#
#.#.# ###.######
.##...###...##
#.######
..............
#.....#
##..#.########
#######.##


You could see Menkaure (fast).

Vanquished Creatures
  An adder (D:4)
  A worm (D:3)
  A dart slug (D:3)
  An endoplasm (D:1)
  3 giant cockroaches
  6 goblins
  2 hobgoblins (D:4)
  4 jackals (D:1)
  2 kobolds
  A quokka (D:3)
  A bat (D:1)
  A frilled lizard (D:3)
  A rat (D:1)
25 creatures vanquished.

Vanquished Creatures (others)
  7 fungi (D:4)
7 creatures vanquished.

Grand Total: 32 creatures vanquished

Notes
Turn   | Place    | Note
-------+----------+-------------------------------------------
     0 | D:1      | dinky3 the Kobold Earth Elementalist began the quest for
                  | the Orb.
     0 | D:1      | Reached XP level 1. HP: 10/10 MP: 3/3
    78 | D:1      | Reached XP level 2. HP: 8/15 MP: 0/5
   102 | D:1      | Learned a level 2 spell: Passwall
   384 | D:2      | Reached XP level 3. HP: 19/19 MP: 4/7
   388 | D:2      | Learned a level 3 spell: Stone Arrow
   656 | D:4      | Noticed a scorpion
   883 | D:4      | Noticed Menkaure
   890 | D:4      | Slain by Menkaure

Illustrated notes

Levels and vault maps discovered:
D:1:      dpeg_arrival_oval, layout_basic, basic_ecumenical_altar
D:2:      layout_basic
D:3:      layout_basic, minivault_4, chequers_serial_rivers_small_3
D:4:      minmay_evil_eye, layout_loops_cross, nicolae_ashenzari_panopticon,
          pdpol_wu_jian_five_deadly_venoms, serial_aquarium,
          aquarium_bridge_straight [aquarium_subvault_bridge,
          aquarium_subvault_window, aquarium_subvault_bridge,
          aquarium_subvault_window], aquarium_window_fake, aquarium_window_1,
          aquarium_view_2a, aquarium_balcony_3a, aquarium_pool_2, serial_shops,
          shop, st_stairs_1, minmay_starry_boxes, uniq_crazy_yiuf_cottage,
          uniq_menkaure, uniq_ijyb

Skill      XL: |  1 |
---------------+----+-----
Stealth        | 3 |  3.7
Short Blades   | |  0.1
Dodging        | |  2.4
Spellcasting   | |  2.9
Transmutations | |  1.0
Earth Magic    | |  3.5

Action                   || total
-------------------------++-------
Melee: Unarmed           ||     3
       Dagger            ||    25
 Cast: Sandblast         ||    32
       Passwall          ||     3
  Use: Scroll            ||     1
 Stab: Sleeping          ||     8
Armor: Robe              ||     8
Dodge: Dodged            ||    36

Table legend: (Time is in decaauts)
 A = Elapsed time spent in this place.
 B = Non-inter-level travel time spent in this place.
 C = Inter-level travel time spent in this place.
 D = Time resting spent in this place.
 E = Time spent auto-exploring this place.
 F = Levels seen in this place.
 G = Mean time per level.
                   A        B        C        D        E       F      G
               +--------+--------+--------+--------+--------+-----+--------+
         Total |    891 |    891 |      0 |      0 |      0 |   4 |  222.8 |
       Dungeon |    891 |    891 |      0 |      0 |      0 |   4 |  222.8 |
               +--------+--------+--------+--------+--------+-----+--------+

Top non-repeatable levels by time:
     D:1: 271 daAuts
     D:3: 270 daAuts
     D:4: 206 daAuts
     D:2: 142 daAuts
